 Dungeon Crawl Stone Soup version 0.29-a0-341-g24ffce5b50 (webtiles) character file.

Game seed: 4154943310060853613

2155 enile the Spear-Bearer (level 9, -10/97 HPs)
             Began as a Gnoll Wanderer on Apr 21, 2022.
             Was a Priest of Trog.
             Mangled by an ogre
             ... wielding a +0 giant club
              (14 damage)
             ... on level 6 of the Dungeon.
             The game lasted 00:08:53 (5703 turns).

enile the Spear-Bearer (Gnoll Wanderer)             Turns: 5703, Time: 00:08:53

Health: -10/97     AC: 13    Str: 15    XL:     9   Next: 31%
Magic:  15/15      EV:  8    Int:  9    God:    Trog [***...]
Gold:   170        SH:  0    Dex: 15    Spells: 16/16 levels left

rFire   . . .      SeeInvis +   q - +0 war axe (elec)
rCold   + . .      Faith    .   (no shield)
rNeg    . . .      Spirit   .   B - +0 chain mail
rPois   .          Reflect  .   (no helmet)
rElec   .          Harm     .   A - +2 cloak
rCorr   .          Rampage  .   (no gloves)
Will    .....                   (no boots)
Stlth   ..........              o - amulet of regeneration
HPRegen 1.06/turn               h - ring of protection from cold
MPRegen 0.14/turn               y - ring of see invisible

@: berserking, very quick
A: fangs 1, strong nose, distributed training
a: Renounce Religion, Berserk, Trog's Hand


You were on level 6 of the Dungeon.
You worshipped Trog.
Trog was most pleased with you.
You visited 1 branch of the dungeon, and saw 6 of its levels.

You collected 170 gold pieces.

Inventory:

Hand Weapons
 a - a +2 mace
 b - a +0 spear
 k - a +2 dagger of venom
 l - a +0 short sword of venom
 q - a +0 war axe of electrocution (weapon)
Armour
 c - a +0 cloak
 e - a +0 leather armour
 n - a +2 robe
 w - a +0 pair of boots
 A - a +2 cloak (worn)
 B - a +0 chain mail (worn)
Jewellery
 h - a ring of protection from cold (left hand)
 j - an amulet of magic regeneration
 o - an amulet of regeneration (around neck)
 y - a ring of see invisible (right hand)
Scrolls
 d - 3 scrolls of blinking
 g - 2 scrolls of amnesia
 m - 3 scrolls of fog
 p - a scroll of noise
 u - a scroll of teleportation {unknown}
 z - a scroll of magic mapping {unknown}
 D - a scroll of enchant weapon {unknown}
Potions
 f - 2 potions of curing
 i - a potion of berserk rage {unknown}
 r - 2 potions of mutation {unknown}
 t - 2 potions of cancellation {unknown}
 v - 3 potions of haste {unknown}
 x - a potion of lignification {unknown}
 C - 2 potions of attraction {unknown}


   Skills:
 + Level 4.1 Fighting
 + Level 4.1 Short Blades
 + Level 4.1 Long Blades
 + Level 4.1 Axes
 + Level 7.8 Maces & Flails
 + Level 11.2 Polearms
 + Level 4.1 Staves
 + Level 4.1 Slings
 + Level 4.1 Bows
 + Level 4.1 Crossbows
 + Level 4.1 Throwing
 + Level 4.9 Armour
 + Level 4.9 Dodging
 + Level 4.1 Stealth
 + Level 4.1 Shields
 + Level 4.1 Unarmed Combat
 + Level 4.1 Spellcasting
 + Level 3.4 Conjurations
 + Level 3.4 Hexes
 + Level 3.4 Summonings
 + Level 3.4 Necromancy
 + Level 3.4 Translocations
 + Level 3.4 Transmutations
 + Level 3.4 Fire Magic
 + Level 3.4 Ice Magic
 + Level 3.4 Air Magic
 + Level 3.4 Earth Magic
 + Level 3.4 Poison Magic
 + Level 4.5 Invocations
 + Level 4.1 Evocations


You had 16 spell levels left.
You didn't know any spells.
Your spell library was empty.

Dungeon Overview and Level Annotations

Branches:
Dungeon (6/15)
 Temple: D:4-7

Altars:
Dithmenos
Fedhas
Gozag
Kikubaaqudgha
Makhleb
Qazlal
Trog
Vehumet
Yredelemnul
Zin

Annotations:
D:3 2 transporters, rageheart7's ghost, amateur MfGl


Innate Abilities, Weirdness & Mutations

You have very sharp teeth.
Your uncanny sense of smell can sniff out nearby items.
Your experience applies equally to all skills.


Message History

Lightning courses through the black bear!
You kill the black bear!
Trog accepts your kill.
HP restored.
Things that are here:
a +0 leather armour; a +0 flail; an orc corpse
There is a stone staircase leading down, spattered with blood here.
You climb downwards.
The ogre hits you but does no damage.
There is a stone staircase leading up, spattered with blood here.
You hit the ogre but do no damage. Lightning courses through the ogre!
The ogre is heavily wounded.
The ogre hits you with a +0 giant club!
You hit the ogre but do no damage.
The ogre is heavily wounded.
The ogre barely misses you.
You barely miss the ogre.
The ogre is heavily wounded.
The ogre barely misses you.
You hit the ogre but do no damage.
The ogre is heavily wounded.
The ogre hits you with a +0 giant club.
You hit the ogre but do no damage. You bite the ogre, but do no damage.
The ogre is heavily wounded.
The ogre hits you with a +0 giant club!!
A red film seems to cover your vision as you go berserk!
You feel yourself moving faster!
You feel mighty!
You barely miss the ogre. Your bite misses the ogre.
The ogre is heavily wounded.
The ogre hits you with a +0 giant club!
* * * LOW HITPOINT WARNING * * *
You closely miss the ogre. Your bite misses the ogre.
The ogre is heavily wounded.
The ogre hits you with a +0 giant club!!
* * * LOW HITPOINT WARNING * * *
You barely miss the ogre. Your punch misses the ogre.
The ogre is heavily wounded.
You hit the ogre.
The ogre is severely wounded.
The ogre hits you with a +0 giant club!
You die...

.........#..
......!.... #
........... .#.
.....!.... ....
##.......#
.....#........#.
......[)O.......
......[@?.......
......[.........
...............#
............#...
........#..## ..
.....####... .
###.. .... #..
.!...


You could see an ogre.

Vanquished Creatures
  The ghost of IdlyInterested the Slasher, a novice DsGl (D:5)
  The ghost of spaghetti the Caller, an amateur DgSu (D:5)
  2 water moccasins (D:5)
  3 black bears
  A sky beast (D:5)
  2 ogres
  A phantom (D:5)
  A necrophage (D:4)
  3 scorpions
  2 howler monkeys
  2 hounds
  4 iguanas
  Jessica (D:2)
  2 orc wizards
  Robin (D:3)
  3 gnolls (D:4)
  5 adders
  A shadow imp (D:5)
  A white imp (D:5)
  An ufetubus (D:4)
  A worm (D:2)
  A dart slug (D:1)
  13 orcs
  5 endoplasms
  3 giant cockroaches
  14 goblins
  11 hobgoblins
  4 jackals (D:4)
  6 kobolds
  A quokka (D:1)
  6 ball pythons
  6 bats
  5 frilled lizards
  11 rats
125 creatures vanquished.

Vanquished Creatures (others)
  A goblin (D:3)
  8 plants (D:5)
  3 withered plants (D:5)
12 creatures vanquished.

Grand Total: 137 creatures vanquished

Notes
Turn   | Place    | Note
-------+----------+-------------------------------------------
     0 | D:1      | Reached skill level 10 in Polearms
     0 | D:1      | enile the Gnoll Wanderer began the quest for the Orb.
     0 | D:1      | enile set off with the following items: a +2 mace, a +0
                  | spear, a +0 cloak, a scroll of blinking, a +0 leather
                  | armour
     0 | D:1      | Reached XP level 1. HP: 13/13 MP: 1/1
    93 | D:1      | Found a faded altar of an unknown god.
   110 | D:1      | Prayed at the altar of an unknown god.
   110 | D:1      | Became a worshipper of Trog the Wrathful
   110 | D:1      | Reached * piety under Trog
   183 | D:1      | Reached XP level 2. HP: 19/19 MP: 2/2
   850 | D:1      | Reached XP level 3. HP: 23/25 MP: 3/3
  1005 | D:2      | Noticed Jessica
  1012 | D:2      | Killed Jessica
  1013 | D:2      | Reached skill level 1 in Fighting
  1013 | D:2      | Reached skill level 1 in Short Blades
  1013 | D:2      | Reached skill level 1 in Long Blades
  1013 | D:2      | Reached skill level 1 in Axes
  1013 | D:2      | Reached skill level 1 in Staves
  1013 | D:2      | Reached skill level 1 in Slings
  1013 | D:2      | Reached skill level 1 in Bows
  1013 | D:2      | Reached skill level 1 in Crossbows
  1013 | D:2      | Reached skill level 1 in Throwing
  1013 | D:2      | Reached skill level 1 in Stealth
  1013 | D:2      | Reached skill level 1 in Shields
  1013 | D:2      | Reached skill level 1 in Unarmed Combat
  1013 | D:2      | Reached skill level 1 in Spellcasting
  1013 | D:2      | Reached skill level 1 in Invocations
  1013 | D:2      | Reached skill level 1 in Evocations
  1023 | D:2      | Reached XP level 4. HP: 16/32 MP: 3/5
  1315 | D:2      | Reached ** piety under Trog
  1533 | D:2      | Reached skill level 1 in Conjurations
  1533 | D:2      | Reached skill level 1 in Hexes
  1533 | D:2      | Reached skill level 1 in Summonings
  1533 | D:2      | Reached skill level 1 in Necromancy
  1533 | D:2      | Reached skill level 1 in Translocations
  1533 | D:2      | Reached skill level 1 in Transmutations
  1533 | D:2      | Reached skill level 1 in Fire Magic
  1533 | D:2      | Reached skill level 1 in Ice Magic
  1533 | D:2      | Reached skill level 1 in Air Magic
  1533 | D:2      | Reached skill level 1 in Earth Magic
  1533 | D:2      | Reached skill level 1 in Poison Magic
  1726 | D:3      | Noticed an ogre
  1885 | D:3      | Found a basalt altar of Yredelemnul.
  1887 | D:3      | Found a bloodstained altar of Trog.
  1888 | D:3      | Found a stormy altar of Qazlal.
  1894 | D:3      | Found a glowing silver altar of Zin.
  1899 | D:3      | Found an ancient bone altar of Kikubaaqudgha.
  1900 | D:3      | Found a blossoming altar of Fedhas.
  1902 | D:3      | Found an opulent altar of Gozag.
  1906 | D:3      | Found a shadowy altar of Dithmenos.
  1907 | D:3      | Found a radiant altar of Vehumet.
  1949 | D:3      | Found a transporter.
  1949 | D:3      | Noticed rageheart7's ghost (amateur MfGl)
  1951 | D:3      | Found a transporter.
  2065 | D:3      | Killed an ogre
  2066 | D:3      | Reached XP level 5. HP: 29/37 MP: 5/7
  2250 | D:3      | Noticed Robin
  2283 | D:3      | Killed Robin
  2623 | D:4      | Reached XP level 6. HP: 31/44 MP: 8/8
  3662 | D:4      | Noticed a black bear
  3687 | D:4      | Killed a black bear
  3688 | D:4      | Reached XP level 7. HP: 16/50 MP: 10/10
  3972 | D:4      | Found a burning altar of Makhleb.
  4336 | D:5      | Entered Level 5 of the Dungeon
  4478 | D:5      | Reached XP level 8. HP: 32/57 MP: 12/12
  5170 | D:5      | Found a runed translucent gate.
  5170 | D:5      | Found a runed translucent gate.
  5255 | D:5      | Found a runed translucent gate.
  5256 | D:5      | Noticed spaghetti's ghost (amateur DgSu)
  5257 | D:5      | Noticed IdlyInterested's ghost (novice DsGl)
  5284 | D:5      | Reached skill level 11 in Polearms
  5557 | D:5      | Killed spaghetti's ghost
  5565 | D:5      | Killed IdlyInterested's ghost
  5566 | D:5      | Reached XP level 9. HP: 56/65 MP: 14/14
  5623 | D:5      | Reached *** piety under Trog
  5701 | D:6      | HP: 3/97 [ogre/+0 giant club (18)]
  5703 | D:6      | Mangled by an ogre

Illustrated notes

Levels and vault maps discovered:
D:1:      dpeg_arrival_oval, layout_basic, dreamdust_ecumenical_altar_grove,
          amcnicky_mini_corridor_feature
D:2:      layout_basic, uniq_jessica
D:3:      layout_rooms, nicolae_overflow_hallway_of_the_gods,
          gammafunk_ghost_mausoleum, minmay_fractal_squares_diagonal_5,
          uniq_robin
D:4:      kennysheep_spiral_hall, layout_rooms, lightli_temple_of_fire,
          grunt_ministairs_6, nicolae_underground_beach
D:5:      nicolae_cairo_tiling_large, layout_loops_corners,
          gammafunk_ghost_cemetery, hangedman_decor_peaks_small,
          minmay_tree_intersection, serial_bayou_pond_a, minmay_misc_feat_alley
D:6:      layout_cave_pools, nicolae_shop_self_help

Skill      XL: |  1  2  3  4  5  6  7  8  9 |
---------------+----------------------------+-----
Polearms       | 11 | 11.2
Fighting       | 1 2 3 4 |  4.1
Short Blades   | 1 2 3 4 |  4.1
Long Blades    | 1 2 3 4 |  4.1
Axes           | 1 2 3 4 |  4.1
Staves         | 1 2 3 4 |  4.1
Slings         | 1 2 3 4 |  4.1
Bows           | 1 2 3 4 |  4.1
Crossbows      | 1 2 3 4 |  4.1
Throwing       | 1 2 3 4 |  4.1
Stealth        | 1 2 3 4 |  4.1
Shields        | 1 2 3 4 |  4.1
Unarmed Combat | 1 2 3 4 |  4.1
Spellcasting   | 1 2 3 4 |  4.1
Invocations    | 1 2 3 4 |  4.5
Evocations     | 1 2 3 4 |  4.1
Conjurations   | 1 2 3 |  3.4
Hexes          | 1 2 3 |  3.4
Summonings     | 1 2 3 |  3.4
Necromancy     | 1 2 3 |  3.4
Translocations | 1 2 3 |  3.4
Transmutations | 1 2 3 |  3.4
Fire Magic     | 1 2 3 |  3.4
Ice Magic      | 1 2 3 |  3.4
Air Magic      | 1 2 3 |  3.4
Earth Magic    | 1 2 3 |  3.4
Poison Magic   | 1 2 3 |  3.4
Armour         | 3 4 |  4.9
Dodging        | 3 4 |  4.9
Maces & Flails | 7 |  7.8

Action                   |  1- 3 |  4- 6 |  7- 9 || total
-------------------------+-------+-------+-------++-------
Melee: Spear             |    26 |       |       ||    26
       Bite              |     5 |    12 |    26 ||    43
       Dagger            |    34 |   138 |   137 ||   309
       Punch             |     1 |       |     8 ||     9
       Mace              |       |    17 |    20 ||    37
       War axe           |       |       |    33 ||    33
Invok: Berserk           |       |     3 |     2 ||     5
Evoke: Wand              |       |       |     6 ||     6
  Use: Scroll            |       |     2 |     3 ||     5
       Potion            |       |     2 |       ||     2
 Stab: Sleeping          |       |     6 |     1 ||     7
Armor: Leather armour    |     7 |    49 |     1 ||    57
       Chain mail        |       |       |   181 ||   181
Dodge: Dodged            |    21 |    98 |   106 ||   225

Table legend: (Time is in decaauts)
 A = Elapsed time spent in this place.
 B = Non-inter-level travel time spent in this place.
 C = Inter-level travel time spent in this place.
 D = Time resting spent in this place.
 E = Time spent auto-exploring this place.
 F = Levels seen in this place.
 G = Mean time per level.
                   A        B        C        D        E       F      G
               +--------+--------+--------+--------+--------+-----+--------+
         Total |   5700 |   5340 |    360 |    317 |   4073 |   6 |  950.0 |
       Dungeon |   5700 |   5340 |    360 |    317 |   4073 |   6 |  950.0 |
               +--------+--------+--------+--------+--------+-----+--------+

Top non-repeatable levels by time:
     D:4: 1430 daAuts
     D:3: 1286 daAuts
     D:5: 1266 daAuts
     D:1: 903 daAuts
     D:2: 775 daAuts
     D:6: 36 daAuts
